Map: Pylon LE

Players

ManlyManMeat

  • Race: Zerg Zerg
  • League: Diamond
  • Spawn Location: 5:00

VOD

Have the link to the VOD?

Description

Time

  • Played on: July 18, 2025, 7:18 p.m.
  • Length: 12:36
Show
View Real Time Build Order
Export as new Build Order

ManlyManMeat Zerg 

Build Orders:  

Get SALT Encoding   

  12  0:00  Drone  
  13  0:11  Drone  
  14  0:21  Drone, Extractor  
  15  0:30  Overlord  
  15  0:57  Drone  
  16  1:06  Hatchery  
  16  1:09  Drone  
  16  1:14  Drone  
  17  1:20  Drone  
  18  1:36  Extractor  
  17  1:43  Spawning Pool  
  17  1:47  Drone  
  17  1:51  Drone  
  18  2:00  Drone  
  19  2:15  Drone  
  20  2:30  Drone  
  21  2:53  Zergling x2  
  21  2:54  Zergling x2  
  21  2:56  Queen x2  
  27  3:01  Overlord  
  27  3:19  Hatchery  
  26  3:26  Drone x2  
  28  3:41  Overlord  
  28  3:45  Drone  
  29  3:53  Drone  
  29  3:54  Drone  
  29  3:57  Drone  
  32  4:01  Drone  
  33  4:11  Overlord  
  33  4:16  Drone  
  34  4:23  Metabolic Boost  
  34  4:24  Drone  
  35  4:34  Zergling x8  
  35  4:38  Drone x3  
  42  4:44  Overlord  
  42  5:07  Drone x4  
  46  5:10  Queen  
  46  5:11  Queen  
  46  5:18  Queen  
  52  5:20  Overlord  
  52  5:27  Drone x2  
  54  5:31  Drone  
  54  5:35  Overlord  
  55  5:48  Drone x3  
  55  5:49  Drone x3  
  61  5:53  Overlord  
  61  6:15  Queen  
  61  6:17  Queen  
  65  6:21  Drone x3  
  65  6:22  Drone x3  
  65  6:25  Extractor  
  65  6:26  Extractor  
  65  6:29  Zergling x6, Evolution Chamber  
  71  6:50  Drone  
  71  6:51  Drone x3  
  71  6:52  Overlord  
  75  7:12  Queen  
  75  7:13  Queen  
  75  7:15  Drone x2  
  75  7:16  Drone x4  
  75  7:17  Drone x2  
  87  7:20  Overlord x2  
  87  7:22  Extractor x2  
  85  7:32  Zerg Melee Weapons Level 1  
  85  7:34  Lair  
  85  7:40  Drone  
  85  7:43  Roach Warren  
  85  7:54  Drone x3  
  85  7:55  Drone x2  
  85  7:56  Drone  
  85  7:59  Zergling x4  
  93  8:00  Zergling x4  
  95  8:16  Hatchery  
  94  8:41  Zergling x8  
  100  8:53  Glial Reconstitution  
  100  8:57  Zergling x12  
  100  8:58  Zergling x2, Baneling Nest  
  104  9:26  Roach x3  
  104  9:27  Roach x2  
  104  9:29  Overlord x4  
  114  9:30  Overlord x3  
  114  9:45  Hatchery  
  114  9:46  Extractor, Hatchery  
  114  9:47  Drone x3  
  114  9:51  Overlord x2  
  114  9:52  Overlord x2  
  114  9:54  Roach x3  
  120  10:14  Roach x5  
  120  10:15  Roach  
  132  10:25  Roach x3  
  132  10:26  Roach  
  140  11:01  Pneumatized Carapace  
  140  11:08  Infestation Pit  
  139  11:25  Drone x4  
  139  11:26  Drone x4  
  147  11:35  Hatchery  
  146  11:41  Spore Crawler  
  146  11:44  Spore Crawler  
  146  11:48  Spore Crawler  
  146  11:49  Overlord  
  72  11:50  Overlord  
  143  11:51  Roach x3  
  143  11:52  Roach x8  
  165  12:10  Drone x2  
  165  12:11  Drone x4, Spore Crawler  
  165  12:12  Drone, Spore Crawler x2  
Tags
 
League
Diamond
Matchup
Co-op
Add a new tag
Caveats
  • Supply blocks, unpowered buildings, or Contaminate may cause inaccurate times.
  • Supply counts are checked every 10 seconds.